3AA
FT. POLK SOUTH THUNDER HAWKS @ BATTLE GROUND AEROS
08/01/2022
 
TOP OF THE 1ST
Ft. Polk South Thunder Hawks batting - Pitching for Battle Ground Aeros : LHP Ryan McCall
Pitching: LHP Ryan McCall
Batting: RHB Alfredo González 0-0: Called Strike
0-1: Ground out 1-3 (Groundball, 15S)
Batting: RHB Robbie Chambers 0-0: TRIPLE (Groundball, 3L)
Batting: RHB Tommy Stanley 0-0: Called Strike
0-1: Ball
1-1: Ball
2-1: Ball
3-1: Foul Ball, location: 2F
3-2: Base on Balls
Batting: RHB Darrell Goldstein 0-0: Ball
1-0: Called Strike
1-1: Called Strike
1-2: Ball
2-2: Ball
3-2: Fielders Choice at 2nd, 6-4 (Groundball, 6M)
Robbie Chambers scores
Batting: SHB Ted Hansen 0-0: Called Strike
0-1: Fly out, F6 (Popup, 6MD)
Top of the 1st over - 1 run(s), 1 hit(s), 0 error(s), 1 left on base; Ft. Polk South 1 - Battle Ground 0
BOTTOM OF THE 1ST
Battle Ground Aeros batting - Pitching for Ft. Polk South Thunder Hawks : RHP Fernando Peralta
Pitching: RHP Fernando Peralta
Batting: SHB Shawn Sánchez 0-0: Ball
1-0: Foul Ball, location: 2F
1-1: Ball
2-1: Swinging Strike
2-2: Ball
3-2: Base on Balls
Batting: RHB Stephen Johnson 0-0: Foul Ball, location: 2F
0-1: DOUBLE (Flyball, 89M)
Shawn Sánchez to third
Batting: RHB Jim Unknown 0-0: 3-RUN HOME RUN (Flyball, 8LXD), Distance : 432 ft
Batting: LHB Edgardo Téllez 0-0: Ball
1-0: Ball
2-0: Fly out, F7 (Flyball, 7LM)
Batting: RHB Jaime Chavarriaga 0-0: Called Strike
0-1: Ball
1-1: Swinging Strike
1-2: Strikes out swinging
Batting: LHB Jim Unknown 0-0: Foul Ball, location: 2F
0-1: Ball
1-1: Called Strike
1-2: Ball
2-2: Strikes out swinging
Bottom of the 1st over - 3 run(s), 2 hit(s), 0 error(s), 0 left on base; Ft. Polk South 1 - Battle Ground 3
TOP OF THE 2ND
Ft. Polk South Thunder Hawks batting - Pitching for Battle Ground Aeros : LHP Ryan McCall
Batting: SHB Paul Wright 0-0: Ball
1-0: Bunted foul
1-1: Foul Ball, location: 2F
1-2: Ball
2-2: Strikes out swinging
Batting: RHB Steven Grant 0-0: Ball
1-0: Called Strike
1-1: Ball
2-1: Ground out 6-3 (Groundball, 6)
Batting: RHB Henry Weber 0-0: SOLO HOME RUN (Flyball, 7D), Distance : 385 ft
Batting: LHB José López 0-0: Ball
1-0: DOUBLE (Line Drive, 8RD)
Batting: RHB Alfredo González 0-0: Ball
1-0: Swinging Strike
1-1: Ball
2-1: Foul Ball, location: 2F
2-2: Foul Ball, location: 2F
2-2: Ground out 1-3 (Groundball, 15)
Top of the 2nd over - 1 run(s), 2 hit(s), 0 error(s), 1 left on base; Ft. Polk South 2 - Battle Ground 3
BOTTOM OF THE 2ND
Battle Ground Aeros batting - Pitching for Ft. Polk South Thunder Hawks : RHP Fernando Peralta
Batting: LHB Jim Unknown 0-0: Ball
1-0: Ball
2-0: Called Strike
2-1: Fly out, F9 (Flyball, 9LM)
Batting: RHB Jim Unknown 0-0: Ball
1-0: Called Strike
1-1: Ball
2-1: Ball
3-1: Swinging Strike
3-2: Strikes out swinging
Batting: LHB Jim Unknown 0-0: Called Strike
0-1: Ground out 3-1 (Groundball, 34)
Bottom of the 2nd over - 0 run(s), 0 hit(s), 0 error(s), 0 left on base; Ft. Polk South 2 - Battle Ground 3
TOP OF THE 3RD
Ft. Polk South Thunder Hawks batting - Pitching for Battle Ground Aeros : LHP Ryan McCall
Batting: RHB Robbie Chambers 0-0: Called Strike
0-1: Foul Ball, location: 2F
0-2: Ball
1-2: Ball
2-2: Ball
3-2: Strikes out swinging
Batting: RHB Tommy Stanley 0-0: Ball
1-0: Foul Ball, location: 2F
1-1: Called Strike
1-2: Strikes out swinging
Batting: RHB Darrell Goldstein 0-0: Swinging Strike
0-1: Foul Ball, location: 2F
0-2: Foul Ball, location: 2F
0-2: Foul Ball, location: 2F
0-2: Ball
1-2: Ball
2-2: Strikes out swinging
Top of the 3rd over - 0 run(s), 0 hit(s), 0 error(s), 0 left on base; Ft. Polk South 2 - Battle Ground 3
BOTTOM OF THE 3RD
Battle Ground Aeros batting - Pitching for Ft. Polk South Thunder Hawks : RHP Fernando Peralta
Batting: SHB Shawn Sánchez 0-0: Ball
1-0: Ball
2-0: Called Strike
2-1: Foul Ball, location: 2F
2-2: Ball
3-2: Foul Ball, location: 2F
3-2: Fly out, F7 (Line Drive, 7M)
Batting: RHB Stephen Johnson 0-0: Swinging Strike
0-1: Ball
1-1: Foul Ball, location: 2F
1-2: Foul Ball, location: 2F
1-2: Foul Ball, location: 2F
1-2: Strikes out swinging
Batting: RHB Jim Unknown 0-0: Ball
1-0: Ball
2-0: Ball
3-0: Called Strike
3-1: Foul Ball, location: 2F
3-2: Base on Balls
Batting: LHB Edgardo Téllez 0-0: Foul Ball, location: 2F
0-1: Foul Ball, location: 2F
0-2: Strikes out looking
Bottom of the 3rd over - 0 run(s), 0 hit(s), 0 error(s), 1 left on base; Ft. Polk South 2 - Battle Ground 3
TOP OF THE 4TH
Ft. Polk South Thunder Hawks batting - Pitching for Battle Ground Aeros : LHP Ryan McCall
Batting: SHB Ted Hansen 0-0: Ball
1-0: Ball
2-0: Fly out, F7 (Line Drive, 7S)
Batting: SHB Paul Wright 0-0: Foul Ball, location: 2F
0-1: Foul Ball, location: 2F
0-2: Strikes out swinging
Batting: RHB Steven Grant 0-0: Ball
1-0: Swinging Strike
1-1: Ball
2-1: Foul Ball, location: 2F
2-2: Ball
3-2: Strikes out swinging
Top of the 4th over - 0 run(s), 0 hit(s), 0 error(s), 0 left on base; Ft. Polk South 2 - Battle Ground 3
BOTTOM OF THE 4TH
Battle Ground Aeros batting - Pitching for Ft. Polk South Thunder Hawks : RHP Fernando Peralta
Batting: RHB Jaime Chavarriaga 0-0: Ball
1-0: Foul Ball, location: 2F
1-1: Ball
2-1: SOLO HOME RUN (Line Drive, 7LD), Distance : 364 ft
Batting: LHB Jim Unknown 0-0: Ball
1-0: Called Strike
1-1: Called Strike
1-2: Ball
2-2: Fly out, F7 (Flyball, 7LSF)
Batting: LHB Jim Unknown 0-0: Ball
1-0: Ball
2-0: Fly out, F7 (Flyball, 7LSF)
Batting: RHB Jim Unknown 0-0: Swinging Strike
0-1: Foul Ball, location: 2F
0-2: SINGLE (Line Drive, 89S)
Batting: LHB Jim Unknown 0-0: Called Strike
0-1: Swinging Strike
0-2: Ground out 4-3 (Groundball, 4)
Bottom of the 4th over - 1 run(s), 2 hit(s), 0 error(s), 1 left on base; Ft. Polk South 2 - Battle Ground 4
TOP OF THE 5TH
Ft. Polk South Thunder Hawks batting - Pitching for Battle Ground Aeros : LHP Ryan McCall
Batting: RHB Henry Weber 0-0: Ball
1-0: Called Strike
1-1: Ball
2-1: Swinging Strike
2-2: Strikes out looking
Batting: LHB José López 0-0: Ball
1-0: Foul Ball, location: 2F
1-1: Ball
2-1: Ball
3-1: Foul Ball, location: 2F
3-2: Foul Ball, location: 2F
3-2: Strikes out swinging
Batting: RHB Alfredo González 0-0: Ball
1-0: Swinging Strike
1-1: Ball
2-1: Fly out, F4 (Popup, 4D)
Top of the 5th over - 0 run(s), 0 hit(s), 0 error(s), 0 left on base; Ft. Polk South 2 - Battle Ground 4
BOTTOM OF THE 5TH
Battle Ground Aeros batting - Pitching for Ft. Polk South Thunder Hawks : RHP Fernando Peralta
Batting: SHB Shawn Sánchez 0-0: Ball
1-0: SINGLE (Line Drive, 7S)
Batting: RHB Stephen Johnson 0-0: Ball
1-0: Called Strike
1-1: Ball
2-1: Sac Bunt - play at first, batter OUT! 1-4
Shawn Sánchez to second
Batting: RHB Jim Unknown 0-0: Ball
1-0: Ball
Wild Pitch!
Shawn Sánchez to third
2-0: Called Strike
2-1: Ball
3-1: Foul Ball, location: 2F
3-2: Base on Balls
Batting: LHB Edgardo Téllez 0-0: Swinging Strike
0-1: Ball
1-1: Ball
2-1: Fly out, F5 (Popup, 5F)
Batting: RHB Jaime Chavarriaga 0-0: Ball
1-0: SINGLE (Line Drive, 8RS)
Shawn Sánchez scores
Jim Unknown to second
Batting: LHB Jim Unknown 0-0: Ball
1-0: Ground out 6-3 (Groundball, 6)
Bottom of the 5th over - 1 run(s), 2 hit(s), 0 error(s), 2 left on base; Ft. Polk South 2 - Battle Ground 5
TOP OF THE 6TH
Ft. Polk South Thunder Hawks batting - Pitching for Battle Ground Aeros : LHP Ryan McCall
Batting: RHB Robbie Chambers 0-0: Ball
1-0: Called Strike
1-1: Fly out, F7 (Flyball, 78S)
Batting: RHB Tommy Stanley 0-0: Called Strike
0-1: Foul Ball, location: 2F
0-2: Ball
1-2: Ball
2-2: Fly out, F7 (Flyball, 7M)
Batting: RHB Darrell Goldstein 0-0: Ball
1-0: Called Strike
1-1: Called Strike
1-2: Ground out 4-3 (Groundball, 4)
Top of the 6th over - 0 run(s), 0 hit(s), 0 error(s), 0 left on base; Ft. Polk South 2 - Battle Ground 5
BOTTOM OF THE 6TH
Battle Ground Aeros batting - Pitching for Ft. Polk South Thunder Hawks : RHP Fernando Peralta
Batting: LHB Jim Unknown 0-0: Called Strike
0-1: Ball
1-1: Ball
2-1: Swinging Strike
2-2: Foul Ball, location: 2F
2-2: Ball
3-2: Base on Balls
Batting: RHB Jim Unknown 0-0: Bunted foul
0-1: Sac Bunt - play at first, batter OUT! 2-4
Jim Unknown to second
Batting: LHB Jim Unknown 0-0: SINGLE (Line Drive, 6)
Jim Unknown to third
Throwing error, E7
Jim Unknown scores
Jim Unknown to second
Pitching: RHP Ricardo Gómez
Batting: SHB Shawn Sánchez 0-0: Called Strike
0-1: Foul Ball, location: 2F
0-2: Ball
1-2: Ball
2-2: Foul Ball, location: 2F
2-2: Foul Ball, location: 2F
2-2: Ground out 5-3 (Groundball, 5D)
Batting: RHB Stephen Johnson 0-0: Ball
1-0: Ball
2-0: Called Strike
2-1: Called Strike
2-2: Ball
3-2: Foul Ball, location: 2F
3-2: Foul Ball, location: 2F
3-2: Base on Balls
Batting: RHB Jim Unknown 0-0: Called Strike
0-1: Foul Ball, location: 2F
0-2: Foul Ball, location: 2F
0-2: Ball
1-2: Foul Ball, location: 2F
1-2: Foul Ball, location: 2F
1-2: Fly out, F8 (Flyball, 78D)
Bottom of the 6th over - 1 run(s), 1 hit(s), 1 error(s), 2 left on base; Ft. Polk South 2 - Battle Ground 6
TOP OF THE 7TH
Ft. Polk South Thunder Hawks batting - Pitching for Battle Ground Aeros : LHP Ryan McCall
Batting: SHB Ted Hansen 0-0: Ball
1-0: DOUBLE (Flyball, 78XD)
Batting: SHB Paul Wright 0-0: Called Strike
0-1: Called Strike
0-2: Foul Ball, location: 2F
0-2: Ball
1-2: SINGLE (Groundball, 56)
Ted Hansen to third
Batting: RHB Steven Grant 0-0: Ball
1-0: Ball
2-0: Fly out, F7 (Flyball, 78XD)
Runner from 3rd tags up, SCORES, no throw
Batting: RHB Henry Weber 0-0: Ball
1-0: Called Strike
1-1: Ball
2-1: Foul Ball, location: 2F
2-2: 2-RUN HOME RUN (Flyball, 7D), Distance : 374 ft
Batting: LHB José López 0-0: Swinging Strike
0-1: Swinging Strike
0-2: Ball
1-2: Foul Ball, location: 2F
1-2: Ball
2-2: Strikes out swinging
Batting: RHB Alfredo González 0-0: SOLO HOME RUN (Flyball, 9D), Distance : 354 ft
Batting: RHB Robbie Chambers 0-0: Ball
1-0: Ball
2-0: Called Strike
2-1: Ball
3-1: Foul Ball, location: 2F
3-2: Base on Balls
Pitching: RHP Lanny Larson
Batting: RHB Tommy Stanley 0-0: Ball
1-0: Called Strike
1-1: Ball
2-1: Swinging Strike
2-2: Strikes out looking
Top of the 7th over - 4 run(s), 4 hit(s), 0 error(s), 1 left on base; Ft. Polk South 6 - Battle Ground 6
BOTTOM OF THE 7TH
Battle Ground Aeros batting - Pitching for Ft. Polk South Thunder Hawks : RHP Ricardo Gómez
Batting: LHB Edgardo Téllez 0-0: Swinging Strike
0-1: Ball
1-1: Ball
2-1: DOUBLE (Line Drive, 4D)
Batting: RHB Jaime Chavarriaga 0-0: Called Strike
0-1: Foul Ball, location: 2F
0-2: Ball
1-2: Ball
2-2: Strikes out swinging
Batting: LHB Jim Unknown 0-0: Ball
1-0: Called Strike
1-1: Foul Ball, location: 2F
1-2: Ball
2-2: Strikes out swinging
Batting: LHB Jim Unknown 0-0: Ball
1-0: Foul Ball, location: 2F
1-1: Ball
2-1: Swinging Strike
2-2: Ball
3-2: Foul Ball, location: 2F
3-2: Base on Balls
Batting: RHB Jim Unknown 0-0: Called Strike
0-1: Foul Ball, location: 2F
0-2: Foul Ball, location: 2F
0-2: Ball
1-2: Foul Ball, location: 2F
1-2: Ball
2-2: Fly out, F8 (Flyball, 8RD)
Bottom of the 7th over - 0 run(s), 1 hit(s), 0 error(s), 2 left on base; Ft. Polk South 6 - Battle Ground 6
TOP OF THE 8TH
Ft. Polk South Thunder Hawks batting - Pitching for Battle Ground Aeros : RHP Lanny Larson
Batting: RHB Darrell Goldstein 0-0: Called Strike
0-1: Fly out, F9 (Line Drive, 9M)
Batting: SHB Ted Hansen 0-0: DOUBLE (Flyball, 9D)
Pinch Hitting: RHB Jack Peck 0-0: Intentional Walk
Batting: RHB Steven Grant 0-0: Foul Ball, location: 2F
0-1: Swinging Strike
0-2: Foul Ball, location: 2F
0-2: Ball
1-2: Ball
2-2: Grounds into double play, 6-4-3 (Groundball, 6M)
Top of the 8th over - 0 run(s), 1 hit(s), 0 error(s), 1 left on base; Ft. Polk South 6 - Battle Ground 6
BOTTOM OF THE 8TH
Battle Ground Aeros batting - Pitching for Ft. Polk South Thunder Hawks : RHP Ricardo Gómez
Now in LF: Héctor López
Batting: LHB Jim Unknown 0-0: Foul Ball, location: 2F
0-1: Ball
1-1: Swinging Strike
1-2: Strikes out swinging
Batting: SHB Shawn Sánchez 0-0: Ball
1-0: Ball
2-0: Ball
3-0: Base on Balls
Batting: RHB Stephen Johnson 0-0: Ball
Wild Pitch!
Shawn Sánchez to second
1-0: Called Strike
Throwing error on steal attempt, E2
Shawn Sánchez scores
1-1: Ball
2-1: Fly out, F8 (Flyball, 8RS)
Batting: RHB Jim Unknown 0-0: Ball
1-0: Ball
2-0: Ball
3-0: Called Strike
3-1: SINGLE (Line Drive, 4MD)
Batting: LHB Edgardo Téllez 0-0: Ball
1-0: Ball
2-0: Ball
3-0: Called Strike
3-1: Base on Balls
Jim Unknown to second
Batting: RHB Jaime Chavarriaga 0-0: Called Strike
0-1: Called Strike
0-2: Ball
1-2: Foul Ball, location: 2F
1-2: Strikes out looking
Bottom of the 8th over - 1 run(s), 1 hit(s), 1 error(s), 2 left on base; Ft. Polk South 6 - Battle Ground 7
TOP OF THE 9TH
Ft. Polk South Thunder Hawks batting - Pitching for Battle Ground Aeros : RHP Lanny Larson
Pitching: RHP Drake Riley
Pinch Hitting: SHB Jim Unknown 0-0: Ball
1-0: Swinging Strike
1-1: Ball
2-1: Called Strike
2-2: Strikes out swinging
Batting: LHB José López 0-0: Ball
1-0: Foul Ball, location: 2F
1-1: Ball
2-1: Swinging Strike
2-2: Strikes out swinging
Pinch Hitting: RHB Clark Calhoun 0-0: Fly out, F4 (Popup, 4)
Top of the 9th over - 0 run(s), 0 hit(s), 0 error(s), 0 left on base; Ft. Polk South 6 - Battle Ground 7
This league is powered by Out of the Park Baseball, the baseball management simulation game for PC, Mac and Linux
Friday, April 15th, 2016 - OOTP Baseball 16.9 Build 39